 Dungeon Crawl Stone Soup version 0.29-a0-72-g1732ff48e7 (webtiles) character file.

Game seed: 2330449213635785738

741 kae the Ruffian (level 7, -1/57 HPs)
             Began as a White Draconian Transmuter on Feb 3, 2022.
             Succumbed to a scorpion's poison
             ... on level 5 of the Dungeon.
             The game lasted 00:02:59 (4296 turns).

kae the Ruffian (White Draconian Transmuter)        Turns: 4296, Time: 00:03:00

Health: -1/57      AC:  2    Str: 12    XL:     7   Next: 47%
Magic:  3/11       EV: 21    Int: 16    God:
Gold:   184        SH:  0    Dex: 22    Spells: 4/12 levels left

rFire   . . .      SeeInvis .     - Unarmed
rCold   . . .      Faith    .   (shield currently unavailable)
rNeg    . . .      Spirit   .   (armour unavailable)
rPois   x          Reflect  .   (helmet currently unavailable)
rElec   .          Harm     .   (cloak currently unavailable)
rCorr   .          Rampage  .   (gloves currently unavailable)
Will    .....                   (boots currently unavailable)
Stlth   ++........              (no amulet)
HPRegen 0.19/turn               f - +6 ring of dexterity
MPRegen 0.12/turn               (no ring)

@: lethally poisoned (-1 -> -24), spider-form, very slightly contaminated
A: venomous fangs, (breathe frost), AC +6, tiny, unfitting armour, (cold
resistance 1), (cold-blooded)
a: End Transformation


You were on level 5 of the Dungeon.
You were a venomous arachnid creature.
You visited 1 branch of the dungeon, and saw 5 of its levels.

You collected 184 gold pieces.

Inventory:

Jewellery
 f - a +6 ring of dexterity (left front leg)
Scrolls
 a - 2 scrolls of teleportation
Potions
 b - a potion of ambrosia
 d - a potion of magic
 e - a potion of invisibility {unknown}
 g - 3 potions of heal wounds {unknown}
 h - a potion of might {unknown}


   Skills:
 + Level 3.1 Fighting
 + Level 3.0 Dodging
 * Level 5.0 Unarmed Combat
 + Level 3.1 Spellcasting
 * Level 4.4 Transmutations
 * Level 2.6 Ice Magic
 - Level 2.0 Poison Magic


You had 4 spell levels left.
You knew the following spells:

 Your Spells              Type           Power      Damage    Failure   Level
a - Beastly Appendage     Tmut           32%        N/A       11%         1
b - Spider Form           Tmut/Pois      12%        N/A       32%         3
c - Ice Form              Ice/Tmut       13%        N/A       61%         4

Your spell library contained the following spells:

 Spells                   Type           Power      Damage    Failure   Level
 Wereblood                Tmut           16%        N/A       14%         2
 Poisonous Vapours        Pois/Air       10%        N/A       38%         2
 Corpse Rot               Necr/Air       4%         N/A       50%         2
 Sublimation of Blood     Necr           2%         N/A       50%         2
 Summon Hydra             Summ           1%         N/A       100%        7


Dungeon Overview and Level Annotations

Branches:
Dungeon (5/15)
 Temple: D:4-7

Altars:
Ashenzari

Annotations:
D:4 2 transporters


Innate Abilities, Weirdness & Mutations

You are a venomous arachnid creature.
You have poisonous fangs.
You are tiny and dextrous.
Your spellcasting is less reliable in this form.
Your armour is entirely melded.
You are incapable of wielding weapons or throwing items.
((You can breathe waves of freezing cold which knock back foes.))
((Your icy white scales are hard. (AC +6)))
You cannot fit into any form of body armour.
((Your flesh is cold resistant. (rC+)))
((You are cold-blooded and may be slowed by cold attacks.))


Message History

You tail-slap the scorpion, but do no damage.
The scorpion is lightly wounded.
The scorpion stings you. x2
You are poisoned.
The scorpion poisons you!
You closely miss the scorpion. You tail-slap the scorpion.
The scorpion is moderately wounded.
You feel very sick. The scorpion completely misses you.
Your magical contamination has completely faded away.
You are too injured to fight recklessly!
You are too injured to fight recklessly!
Casting: Spider Form (dangerous; 14% risk of failure)
Confirm with . or Enter, or press ? or * to list all spells.
You miscast Spider Form.
You are very lightly contaminated with residual magic.
Nothing appears to happen.
You feel sick. The scorpion stings you.
You are too injured to fight recklessly!
You are too injured to fight recklessly!
Casting: Spider Form (dangerous; 14% risk of failure)
Confirm with . or Enter, or press ? or * to list all spells.
You turn into a venomous arachnid creature.
You feel sick. The scorpion misses you.
You feel sick. The scorpion stings you.
You are lethally poisoned!
The scorpion poisons you!
You barely miss the scorpion.
The scorpion is moderately wounded.
* * * LOW HITPOINT WARNING * * *
You feel extremely sick. The scorpion stings you!
* * * LOW HITPOINT WARNING * * *
You barely miss the scorpion.
The scorpion is moderately wounded.
* * * LOW HITPOINT WARNING * * *
You feel very sick. The scorpion closely misses you.
You hit the scorpion.
The scorpion is moderately wounded.
You die...

### .. ##.## #
#...#
#.#.###<###
..........#.##
..#....s.....#
##...s#.#..#
....#...#.# .#
#.#.....#.. ..
# ###.### ## .
.. .#. ....


You could see a scorpion.

Vanquished Creatures
  2 ogres
  A black bear (D:4)
  A phantom (D:4)
  4 wights (D:3)
  An orc priest (D:3)
  An iguana (D:4)
  2 orc wizards (D:4)
  5 adders
  An adder skeleton (D:4)
  2 worms
  7 orcs
  4 bats
  5 endoplasms
  6 giant cockroaches
  3 goblins
  11 hobgoblins
  3 jackals (D:1)
  3 kobolds
  3 quokkas
  8 ball pythons
  3 frilled lizards (D:2)
  3 rats (D:3)
79 creatures vanquished.

Notes
Turn   | Place    | Note
-------+----------+-------------------------------------------
     0 | D:1      | kae the Draconian Transmuter began the quest for the Orb.
     0 | D:1      | Reached XP level 1. HP: 16/16 MP: 3/3
     4 | D:1      | Noticed an elephant
   281 | D:1      | Reached XP level 2. HP: 21/23 MP: 3/5
   456 | D:1      | Noticed a black mamba
   918 | D:2      | Reached XP level 3. HP: 25/28 MP: 4/6
  1874 | D:3      | Found a faded altar of an unknown god.
  1903 | D:3      | Identified the +7 dagger "Ylasoqid" {vorpal, rN+ Int+2}
  1922 | D:3      | Reached XP level 4. HP: 33/36 MP: 7/7
  1958 | D:3      | Found the +2 ratskin cloak {*Rats rPois rN+ Str-1 Int-1
                  | Dex+1}
  1963 | D:3      | Found a broken altar of Ashenzari.
  2037 | D:3      | Learned a level 3 spell: Spider Form
  2153 | D:3      | Reached skill level 4 in Unarmed Combat
  2153 | D:3      | Reached XP level 5. HP: 41/41 MP: 8/8
  2159 | D:3      | Reached skill level 1 in Poison Magic
  2164 | D:3      | Reached XP level 6. HP: 49/49 MP: 8/10
  2232 | D:3      | Learned a level 4 spell: Ice Form
  3391 | D:4      | Reached skill level 1 in Ice Magic
  3551 | D:4      | Your scales start taking on an icy white colour.
  3551 | D:4      | Reached XP level 7. HP: 53/56 MP: 8/11
  3551 | D:4      | Gained mutation: Your flesh is cold resistant. (rC+) [White
                  | Draconian growth]
  3913 | D:4      | Found a transporter.
  4038 | D:4      | Reached skill level 5 in Unarmed Combat
  4123 | D:4      | Found a transporter.
  4281 | D:5      | Entered Level 5 of the Dungeon
  4296 | D:5      | Succumbed to a scorpion's poison

Illustrated notes

Levels and vault maps discovered:
D:1:      sevenhm_arrival_forest_fort_small_2, layout_basic, minmay_pentomino_o2
D:2:      layout_basic
D:3:      kennysheep_six_static_rooms, layout_basic,
          nicolae_overflow_crystal_walls, ebering_ecumenical_altar_abandoned,
          minmay_misc_feat_five
D:4:      gammafunk_cloud_chamber, layout_basic, kennysheep_generic_room_14
D:5:      layout_basic, nicolae_qazlal_general_emergency,
          minmay_temple_entry_steel_oval, chequers_serial_rivers_micro_c,
          uniq_menkaure

Skill      XL: |  1  2  3  4  5  6  7 |
---------------+----------------------+-----
Dodging        | 2 3 |  3.0
Transmutations | 3 4 |  4.4
Fighting       | 2 3 |  3.1
Unarmed Combat | 4 5 |  5.0
Poison Magic   | 1 2 |  2.0
Ice Magic      | 2 |  2.6
Spellcasting   | 3 |  3.1

Action                   |  1- 3 |  4- 6 |  7- 9 || total
-------------------------+-------+-------+-------++-------
Melee: Unarmed           |    87 |   103 |    40 ||   230
       Kick              |    17 |     7 |       ||    24
       Headbutt          |    11 |     7 |       ||    18
       Tailslap          |     9 |     2 |     2 ||    13
       Punch             |     1 |     3 |       ||     4
 Cast: Beastly Appendage |    29 |     9 |       ||    38
       Spider Form       |       |    12 |     8 ||    20
       Ice Form          |       |     1 |     1 ||     2
  Use: Scroll            |     6 |     3 |     1 ||    10
       Potion            |       |     2 |       ||     2
Armor: Skin              |    35 |    25 |     3 ||    63
Dodge: Dodged            |    46 |    48 |    26 ||   120

Table legend: (Time is in decaauts)
 A = Elapsed time spent in this place.
 B = Non-inter-level travel time spent in this place.
 C = Inter-level travel time spent in this place.
 D = Time resting spent in this place.
 E = Time spent auto-exploring this place.
 F = Levels seen in this place.
 G = Mean time per level.
                   A        B        C        D        E       F      G
               +--------+--------+--------+--------+--------+-----+--------+
         Total |   4276 |   4204 |     72 |     52 |   3509 |   5 |  855.2 |
       Dungeon |   4276 |   4204 |     72 |     52 |   3509 |   5 |  855.2 |
               +--------+--------+--------+--------+--------+-----+--------+

Top non-repeatable levels by time:
     D:3: 1436 daAuts
     D:4: 999 daAuts
     D:2: 919 daAuts
     D:1: 906 daAuts
     D:5: 14 daAuts
